 Dungeon Crawl Stone Soup version 0.28-a0-384-g9e0c098162 (webtiles) character file.

Game seed: 7494218017414077638

1 Leszczynek the Ducker (level 1, 16/16 HPs)
             Began as a Human Gladiator on Sept 2, 2021.
             Quit the game on level 2 of the Dungeon.
             The game lasted 00:00:43 (66 turns).

Leszczynek the Ducker (Human Gladiator)               Turns: 66, Time: 00:00:44

Health: 16/16      AC:  6    Str: 14    XL:     1   Next: 22%
Magic:  1/1        EV: 11    Int:  8    God:
Gold:   20         SH:  0    Dex: 14    Spells: 0/0 levels left

rFire   . . .      SeeInvis .   a - +0 war axe
rCold   . . .      Faith    .   (no shield)
rNeg    . . .      Spirit   .   e - +0 ring mail
rPois   .          Reflect  .   c - +0 helmet
rElec   .          Harm     .   (no cloak)
rCorr   .          Rampage  .   (no gloves)
Will    .....                   (no boots)
Stlth   ..........              (no amulet)
HPRegen 0.05/turn               (no ring)
MPRegen 0.07/turn               (no ring)

@: confused
A: no striking features
a: no special abilities


You were on level 2 of the Dungeon.
You visited 1 branch of the dungeon, and saw 2 of its levels.

You collected 20 gold pieces.

Inventory:

Hand Weapons
 a - a +0 war axe (weapon)
Armour
 b - a +0 leather armour
 c - a +0 helmet (worn)
 e - a +0 ring mail (worn)


   Skills:
 + Level 2.0 Fighting
 * Level 3.0 Axes
 - Level 2.0 Throwing
 - Level 3.0 Dodging


You couldn't memorise any spells.
You didn't know any spells.
Your spell library was empty.

Dungeon Overview and Level Annotations

Branches:
Dungeon (2/15)

Altars:

Annotations:
D:2 Sigmund


Message History

You hit the hobgoblin.
You kill the hobgoblin!
No target in view!
No target in view!
You now have 11 gold pieces.
You open the door.
There is an open door here.
As you open the door, it creaks loudly!
Found 9 gold pieces.
Found a war axe.
There is an open door here.
You now have 20 gold pieces (gained 9).
There is an open door here.
There is a stone staircase leading down here.
You climb downwards.
Found 12 gold pieces.
There is a stone staircase leading up here.
Unknown command.
Enter note: XD Are you sure you want to abandon this character and quit the game? (Confirm with "yes".)
Okay, then.
Enter note: Throw: 3 throwing nets
Press: ? - help, Q - select action Shift-Dir - straight line, f - Sigmund
Aim: Sigmund, wielding a +0 scythe and wearing a +0 robe (57% to hit)
You throw a throwing net.
The throwing net closely misses Sigmund.
Throw: 2 throwing nets
Press: ? - help, Q - select action Shift-Dir - straight line, f/p - Sigmund
Aim: Sigmund, wielding a +0 scythe and wearing a +0 robe (57% to hit)
You throw a throwing net.
The throwing net closely misses Sigmund.
Sigmund points at you and mumbles some strange words.
You are confused.
Non-targeted confused throw: throwing net
Press: ? - help, Q - select action Dir - look around, f - activate You throw a throwing net.
You hear a splash.
Sigmund barely misses you.
Are you sure you want to abandon this character and quit the game? (Confirm with "yes".)

## .. ## #. #
≈(..##. ...
≈≈.....###...#
#@@(# #####


You could see Sigmund.

Vanquished Creatures
  A hobgoblin (D:1)
1 creature vanquished.

Notes
Turn   | Place    | Note
-------+----------+-------------------------------------------
     0 | D:1      | Leszczynek the Human Gladiator began the quest for the Orb.
     0 | D:1      | Reached XP level 1. HP: 16/16 MP: 1/1
    62 | D:2      | Noticed Sigmund
    63 | D:2      | XD
    66 | D:2      | Quit the game

Illustrated notes

## .. ## #. #
≈≈..##. ...
≈≈.....###...#
#@@$# #####


Turn 63 on D:2: XD

Levels and vault maps discovered:
D:1:      dpeg_arrival_short_road, layout_loops_corners, hex_medium
D:2:      cheibrodos_old_hovel, layout_loops_ring, basic_ecumenical_altar,
          st_stairs_10, fountainhead, uniq_jessica, uniq_sigmund

Action                   || total
-------------------------++-------
Melee: War axe           ||     3
Throw: Throwing net      ||     3
Armor: Ring mail         ||     1
Dodge: Dodged            ||     3

Table legend: (Time is in decaauts)
 A = Elapsed time spent in this place.
 B = Non-inter-level travel time spent in this place.
 C = Inter-level travel time spent in this place.
 D = Time resting spent in this place.
 E = Time spent auto-exploring this place.
 F = Levels seen in this place.
 G = Mean time per level.
                   A        B        C        D        E       F      G
               +--------+--------+--------+--------+--------+-----+--------+
         Total |     66 |     66 |      0 |      0 |      0 |   2 |   33.0 |
       Dungeon |     66 |     66 |      0 |      0 |      0 |   2 |   33.0 |
               +--------+--------+--------+--------+--------+-----+--------+

Top non-repeatable levels by time:
     D:1: 63 daAuts
     D:2: 3 daAuts
